 Dungeon Crawl Stone Soup version 0.30-a0-702-gdf48620a09 (webtiles) character file.

Game seed: 2847992973137146848

145 Newt the Trooper (level 5, -2/42 HPs)
             Began as a Demonspawn Gladiator on Jan 21, 2023.
             Frozen to death by an endoplasm (4 damage)
             ... on level 3 of the Dungeon.
             The game lasted 00:03:46 (3340 turns).

Newt the Trooper (Demonspawn Gladiator)             Turns: 3340, Time: 00:03:47

Health: -2/42      AC: -1    Str: 17    XL:     5   Next: 6%
Magic:  5/5        EV: 12    Int:  9    God:
Gold:   171        SH:  0    Dex: 14    Spells: 4/4 levels left

rFire   . . .      SeeInvis .    l - +1 dagger (venom)
rCold   . . .      Faith    .    (no shield)
rNeg    . . .      Spirit   .    b - +0 leather armour
rPois   .          Reflect  .    (helmet restricted)
rElec   .          Harm     .    (no cloak)
rCorr   .          Rampage  .    (no gloves)
Will    .....                    (no boots)
Stlth   ++                       (no amulet)
HPRegen 0.27/turn                (no ring)
MPRegen 0.18/turn                (no ring)

@: about to teleport, corroded
A: antennae 1, magic regeneration, demonic magic 1
a: no special abilities


You were on level 3 of the Dungeon.
You visited 1 branch of the dungeon, and saw 4 of its levels.

You collected 171 gold pieces.

Inventory:

Hand Weapons
 a - a +0 rapier
 l - a +1 dagger of venom (weapon)
Missiles
 d - 3 throwing nets (quivered)
 e - a javelin
Armour
 b - a +0 leather armour (worn)
 c - a +1 helmet
Jewellery
 q - an amulet of regeneration
Scrolls
 f - 3 scrolls of teleportation
 h - a scroll of fear {unknown}
 n - a scroll of fog {unknown}
 o - a scroll of brand weapon {unknown}
 p - a scroll of immolation {unknown}
 r - a scroll of identify
Potions
 g - a potion of degeneration
 i - 2 potions of flight
 j - a potion of heal wounds {unknown}
 k - a potion of cancellation {unknown}
 m - a potion of ambrosia {unknown}
 s - a potion of attraction {unknown}
 t - a potion of berserk rage {unknown}


   Skills:
 - Level 4.0 Fighting
 + Level 3.6 Short Blades
 - Level 1.7 Throwing
 - Level 2.6 Dodging
 - Level 2.0 Stealth


You had 4 spell levels left.
You didn't know any spells.
Your spell library contained the following spells:

 Spells                   Type           Power      Damage    Failure   Level
 Blink                    Tloc           0%         N/A       58%         2
 Lesser Beckoning         Tloc           0%         N/A       58%         2
 Momentum Strike          Conj/Tloc      0%         3d8       58%         2
 Dazzling Flash           Conj/Hex       0%         N/A       83%         3
 Iskenderun's Mystic Bla  Conj/Tloc      0%         2d3       99%         4
 Starburst                Conj/Fire      0%         6d3       100%        6


Dungeon Overview and Level Annotations

Branches:
Dungeon (4/15)
 Temple: D:4-7

Altars:

Shops:
D:2 *


Innate Abilities, Weirdness & Mutations

You have a pair of small antennae on your head.
You regenerate magic rapidly.
Spells you cast may paralyse adjacent enemies.


Message History

The endoplasm freezes you.
You are frozen.
The howler monkey hits you.
You completely miss the howler monkey. The jelly closely misses you.
The endoplasm hits you but does no damage.
The howler monkey barely misses you.
You hit the howler monkey.
The howler monkey is lightly wounded.
The howler monkey hits you. The jelly barely misses you.
The endoplasm hits you but does no damage.
You hit the howler monkey but do no damage.
The howler monkey is poisoned.
The howler monkey is lightly wounded.
The howler monkey closely misses you. The jelly closely misses you.
The endoplasm hits you.
You hit the howler monkey but do no damage.
The howler monkey is lightly wounded.
The howler monkey closely misses you.
You hit the howler monkey.
The howler monkey looks as sick as possible!
The howler monkey is heavily wounded.
The jelly closely misses you.
The endoplasm hits you but does no damage.
The howler monkey barely misses you.
You hit the jelly. The acid corrodes you!
Your hands burn!
The jelly is lightly wounded.
The jelly misses you. The endoplasm misses you. The howler monkey hits you.
You hit the jelly but do no damage.
Your hands burn!
The jelly is lightly wounded.
The jelly misses you. The endoplasm barely misses you.
The howler monkey hits you.
As you read the scroll of teleportation, it crumbles to dust.
You feel strangely unstable.
The howler monkey hoots and howls with incredible vigour!
The jelly hits you.
* * * LOW HITPOINT WARNING * * *
You are splashed with acid!
* * * LOW HITPOINT WARNING * * *
The endoplasm freezes you.
You are frozen.
You die...

####.#....##.# #.# #.....#
#.#.......#
#.#########.#####
#.##.###### #...........#
#.........# ##########..#
####.####.# #.....#
######.####.# #.##.##
##......#....# #.##.#
.#.######.############.##.#
...........)..[J@h)....##.#
.#.##.....######J########.#
.#.######## #o# ####.#
.#...)...# #.# #....#
.#######.# #.# #.####
.........# #.#####.#
########## #.......#
##......# #.#######
.....##.# #.#


You could see a howler monkey (very poisoned, catching breath), a jelly, an orc
and an endoplasm.

Vanquished Creatures
  A gnoll (D:3)
  3 adders
  2 worms (D:2)
  2 dart slugs
  17 orcs (D:3)
  4 ball pythons
  5 bats
  3 endoplasms
  3 giant cockroaches
  8 goblins
  9 hobgoblins
  4 jackals (D:2)
  5 kobolds
  2 quokkas
  A frilled lizard (D:1)
  6 rats
75 creatures vanquished.

Notes
Turn   | Place    | Note
-------+----------+-------------------------------------------
     0 | D:1      | Newt the Demonspawn Gladiator began the quest for the Orb.
     0 | D:1      | Reached XP level 1. HP: 16/16 MP: 1/1
    51 | D:1      | Reached skill level 1 in Stealth
   251 | D:1      | Gained mutation: Spells you cast may paralyse adjacent
                  | enemies. [demonic ancestry]
   251 | D:1      | Reached XP level 2. HP: 22/22 MP: 2/2
   781 | D:2      | Gained mutation: You have a pair of small antennae on your
                  | head. [demonic ancestry]
   781 | D:2      | Reached XP level 3. HP: 23/28 MP: 3/3
  1104 | D:2      | Found Ifedghali's Assorted Antiques.
  1117 | D:2      | Reached skill level 3 in Fighting
  1217 | D:2      | HP: 1/29 [adder (2)]
  1761 | D:2      | Gained mutation: You regenerate magic rapidly. [demonic
                  | ancestry]
  1761 | D:2      | Reached XP level 4. HP: 20/37 MP: 4/4
  2337 | D:3      | Reached skill level 4 in Fighting
  3080 | D:3      | Reached XP level 5. HP: 23/42 MP: 5/5
  3328 | D:4      | Noticed an ogre
  3340 | D:3      | HP: 2/42 [acid (8)]
  3340 | D:3      | Frozen to death by an endoplasm

Illustrated notes

Levels and vault maps discovered:
D:1:      zaba_arrival_water, layout_rooms, hex_intersection
D:2:      layout_loops_corners, serial_shops, shop, grunt_ministairs_6,
          nrook_uturn, bh_walls_and_bars
D:3:      layout_basic, minmay_pentomino_pile
D:4:      layout_rooms

Skill      XL: |  1  2  3  4 |
---------------+-------------+-----
Stealth        | 1 2 |  2.0
Fighting       | 3 4 |  4.0
Short Blades   | 3 |  3.6
Throwing       | |  1.7
Dodging        | |  2.6

Action                   |  1- 3 |  4- 6 || total
-------------------------+-------+-------++-------
Melee: Rapier            |   121 |       ||   121
       Dagger            |    13 |   113 ||   126
       Punch             |       |     2 ||     2
Throw: Throwing net      |     3 |       ||     3
       Javelin           |     1 |     1 ||     2
  Use: Scroll            |     3 |     2 ||     5
 Stab: Sleeping          |     8 |     4 ||    12
Armor: Leather armour    |    46 |    23 ||    69
Dodge: Dodged            |    98 |    85 ||   183

Table legend: (Time is in decaauts)
 A = Elapsed time spent in this place.
 B = Non-inter-level travel time spent in this place.
 C = Inter-level travel time spent in this place.
 D = Time resting spent in this place.
 E = Time spent auto-exploring this place.
 F = Levels seen in this place.
 G = Mean time per level.
                   A        B        C        D        E       F      G
               +--------+--------+--------+--------+--------+-----+--------+
         Total |   3338 |   3244 |     94 |    977 |   1754 |   4 |  834.5 |
       Dungeon |   3338 |   3244 |     94 |    977 |   1754 |   4 |  834.5 |
               +--------+--------+--------+--------+--------+-----+--------+

Top non-repeatable levels by time:
     D:2: 1581 daAuts
     D:3: 1121 daAuts
     D:1: 628 daAuts
     D:4: 7 daAuts
